 Dungeon Crawl Stone Soup version 0.24.1-4-ge52af88ad5 (webtiles) character file.

Game seed: 13778917018281400641, levelgen mode: deterministic

32566 Gruesph the Severer (level 13, -1/122 HPs)
             Began as a Deep Dwarf Fighter on Apr 12, 2020.
             Was the Champion of Makhleb.
             Killed from afar by an oklob plant (11 damage)
             ... with a splash of acid
             ... on level 2 of the Lair of Beasts.
             The game lasted 01:24:52 (15396 turns).

Gruesph the Severer (Deep Dwarf Fighter)           Turns: 15396, Time: 01:24:53

Health: -1/122     AC:  0    Str: 23    XL:     13   Next: 32%
Magic:  12/12      EV: 10    Int: 11    God:    Makhleb [******]
Gold:   878        SH: 13    Dex: 12    Spells: 12/12 levels left

rFire    + . .     SeeInvis .   a - +5 broad axe (vamp)
rCold    + . .     Gourm    .   g - +1 shield
rNeg     . . .     Faith    .   y - +0 plate armour
rPois    .         Spirit   .   j - +2 helmet
rElec    .         Reflect  .   Q - scarf {rC+ rF+}
rCorr    .         Harm     .   o - +0 pair of gloves
MR       ++...                  H - +0 pair of boots
Stlth    ..........             (no amulet)
HPRegen  0.00/turn              G - +4 ring of evasion
MPRegen  0.13/turn              B - ring of protection from magic

@: corroded, non-regenerating
A: damage resistance, heal wounds, sense surroundings 2, no regeneration
a: Heal Wounds, Minor Destruction, Lesser Servant of Makhleb, Major Destruction,
Greater Servant of Makhleb, Renounce Religion


You were on level 2 of the Lair of Beasts.
You worshipped Makhleb.
Makhleb was exalted by your worship.
You were very hungry.

You visited 3 branches of the dungeon, and saw 16 of its levels.

You collected 878 gold pieces.

Inventory:

Hand Weapons
 a - a +5 vampiric broad axe (weapon)
Missiles
 e - 596 stones
 u - 71 poisoned darts (quivered)
 F - a throwing net
Armour
 g - a +1 shield (worn)
 j - a +2 helmet (worn)
 o - a +0 pair of gloves (worn)
 y - a +0 plate armour (worn)
 H - a +0 pair of boots (worn)
 Q - a scarf of resistance (worn)
Jewellery
 n - an uncursed ring of protection from cold
 s - an uncursed ring of resist corrosion
 v - an uncursed ring of protection from fire
 B - a ring of protection from magic (right hand)
 G - a +4 ring of evasion (left hand)
Wands
 b - a wand of digging (4)
 q - a wand of enslavement (8)
 w - a wand of iceblast (3)
 x - a wand of polymorph (6)
 C - a wand of flame (11)
 L - a wand of acid (4)
Scrolls
 i - a scroll of identify
 k - 5 scrolls of teleportation
 l - 4 scrolls of magic mapping
 r - 14 scrolls of remove curse
 t - 8 scrolls of enchant weapon
 A - a scroll of enchant armour
 D - 3 scrolls of blinking
 J - a scroll of immolation
 K - a scroll of fear
 O - a scroll of amnesia
 P - a scroll of holy word
Potions
 c - 5 potions of curing
 d - 3 potions of lignification
 h - 3 potions of heal wounds
 m - 3 potions of agility
 p - 2 potions of mutation
 z - 2 potions of resistance
 E - 4 potions of flight
 I - a potion of might
 M - a potion of haste
 N - 2 potions of cancellation
Comestibles
 f - 30 rations


   Skills:
 + Level 9.7 Fighting
 + Level 16.2 Axes
 - Level 10.0 Armour
 + Level 10.0 Shields
 - Level 6.0 Invocations
 - Level 6.0 Evocations


You had 12 spell levels left.
You didn't know any spells.
Your spell library contained the following spells:

 Spells                   Type           Power        Failure   Level  Hunger
 Freeze                   Ice            #...         100%        1    ##.....
 Throw Frost              Conj/Ice       #.....       100%        2    ###....
 Ozocubu's Armour         Chrm/Ice       #.......     100%        3    ####...
 Summon Ice Beast         Ice/Summ       #.......     100%        4    #####..
 Throw Icicle             Conj/Ice       #.......     100%        4    #####..


Dungeon Overview and Level Annotations

Branches:
Dungeon (13/15)            Temple (1/1) D:4            Lair (2/6) D:9
    Orc (0/2) D:9          Vaults (0/5) D:13
  Swamp: Lair:2-4    Shoals: Lair:2-4     Snake: Lair:2-4    Spider: Lair:2-4

Altars:
Ashenzari
Cheibriados
Dithmenos
Elyvilon
Fedhas
Gozag
Hepliaklqana
Kikubaaqudgha
Makhleb
Nemelex Xobeh
Okawaru
Qazlal
Ru
Sif Muna
Trog
Uskayaw
Vehumet
Wu Jian
Xom
Yredelemnul
Zin
The Shining One

Shops:
D:8 :

Annotations:
Lair:2 exclusion: oklob plant


Innate Abilities, Weirdness & Mutations

You are resistant to damage.
You can heal yourself by infusing magical energy.
You passively map the area around you.
You do not regenerate.


Message History

The acid corrodes you!
You are splashed with acid!
* * * LOW HITPOINT WARNING * * *
You feel better.
You slash the oklob plant!
The oklob plant is almost destroyed.
You hit the plant but do no damage. You hit the plant.
You hit the oklob plant but do no damage.
The oklob plant is almost destroyed.
You hit the plant. x2
The oklob plant spits acid at you. The splash of acid hits you!
* * * LOW HITPOINT WARNING * * *
You are splashed with acid!
* * * LOW HITPOINT WARNING * * *
You hit the oklob plant but do no damage.
The oklob plant is almost destroyed.
You hit the plant but do no damage. You hit the plant.
The oklob plant spits acid at you. The splash of acid hits you!
You die...

#..PP.###.........≈≈
#.....P##....###.#..
####..P#.##....######.
#.##P.P####.....#..#..
#P.#...# #......#....
#.P...## #....###....
#P.P...# #....# #....
#.#..P..P#
#....###.###
#P....@#.#
#....##P.P#.
##P.PPP###
#....##...## #P.PP##
#.......^... ##.P.
#........... *#..P
#........... .P..*
*.......#.## #P..P *
*....###### ** ,...P#
.... , , *, , * ..,
,,,


You could see an oklob plant.

Vanquished Creatures
  Harold (D:8)
  8 vault guards (D:13)
  A death knight (D:13)
  A centaur warrior (D:13)
  2 unseen horrors
  Pikel (D:7)
  A deep elf mage (D:12)
  An oklob plant (Lair:2)
  A manticore (D:13)
  A wolf spider (D:12)
  2 ugly things
  2 spiny frogs
  4 trolls
  Prince Ribbit (D:5)
  A merfolk (D:10)
  3 blink frogs (Lair:1)
  8 slime creatures (D:13)
  A hornet (D:13)
  A meliai zombie (D:12)
  4 hippogriffs
  Grinder (D:3)
  Sigmund (D:5)
  13 yaks
  3 shadows
  Eustachio (D:5)
  A steam dragon (D:9)
  A basilisk (Lair:1)
  3 wyverns
  Menkaure (D:5)
  A soldier ant (D:10)
  2 wargs (D:9)
  3 water moccasins
  2 porcupines (Lair:1)
  13 orc warriors
  A meliai simulacrum (D:11)
  4 sky beasts
  An ice beast (D:10)
  2 black bears
  An eye of draining (D:10)
  A necrophage (D:11)
  A slave (D:7)
  5 phantoms
  6 ogres
  18 centaurs
  6 wolves (Lair:2)
  4 crocodiles
  2 big kobolds (D:11)
  7 bullfrogs
  A gnoll sergeant (D:9)
  2 wyvern zombies (D:13)
  11 scorpions
  5 killer bees (D:7)
  13 wights
  3 howler monkeys
  2 centaur zombies
  3 bullfrog zombies
  11 crimson imps
  8 jellies
  12 hounds
  12 orc priests
  A centaur skeleton (D:5)
  A bullfrog skeleton (D:8)
  2 iguanas
  Terence (D:3)
  15 orc wizards
  15 worker ants
  A killer bee zombie (D:7)
  A hound skeleton (D:7)
  A worker ant zombie (D:10)
  16 adders
  4 gnolls (D:9)
  3 shadow imps
  4 white imps (D:12)
  An ooze (D:2)
  An adder zombie (D:6)
  2 adder skeletons
  4 worms
  2 dart slugs
  7 leopard geckos
  72 orcs
  2 ball pythons
  9 bats
  4 giant cockroaches
  10 goblins
  8 hobgoblins
  5 jackals
  17 kobolds
  2 quokkas
  7 frilled lizards
  A jackal zombie (D:6)
  A leopard gecko skeleton (D:4)
  A leopard gecko zombie (D:8)
  11 rats
  5 plants
470 creatures vanquished.

Vanquished Creatures (collateral kills)
  Frances (D:12)
  A hydra (D:13)
  2 two-headed ogres (D:11)
  An eye of draining (D:13)
5 creatures vanquished.

Vanquished Creatures (others)
  An adder (D:7)
  A jackal (D:7)
  15 fungi (D:12)
  A plant (Lair:1)
18 creatures vanquished.

Grand Total: 493 creatures vanquished

Notes
Turn   | Place    | Note
-------+----------+-------------------------------------------
     0 | D:1      | Gruesph the Deep Dwarf Fighter began the quest for the Orb.
     0 | D:1      | Reached XP level 1. HP: 20/20 MP: 1/1
   204 | D:1      | Reached XP level 2. HP: 27/27 MP: 2/2
   306 | D:1      | Reached skill level 3 in Axes
   734 | D:2      | Reached XP level 3. HP: 27/34 MP: 3/3
   948 | D:2      | Found a shadowy altar of Dithmenos.
   997 | D:2      | Reached skill level 4 in Axes
  1245 | D:2      | Reached XP level 4. HP: 38/42 MP: 4/4
  1754 | D:3      | Reached skill level 1 in Evocations
  2012 | D:3      | Noticed Terence
  2035 | D:3      | Killed Terence
  2035 | D:3      | Reached XP level 5. HP: 40/49 MP: 5/5
  2100 | D:3      | Reached skill level 5 in Axes
  2442 | D:3      | Noticed Grinder
  2448 | D:3      | Paralysed by Grinder for 6 turns
  2470 | D:3      | Killed Grinder
  2470 | D:3      | Reached skill level 6 in Axes
  2470 | D:3      | Reached XP level 6. HP: 26/56 MP: 5/7
  2888 | D:4      | Found a staircase to the Ecumenical Temple.
  2894 | Temple   | Entered the Ecumenical Temple
  3152 | Temple   | Became a worshipper of Makhleb the Destroyer
  3261 | D:4      | Reached skill level 7 in Axes
  3261 | D:4      | Reached XP level 7. HP: 36/62 MP: 8/8
  3980 | D:4      | Reached skill level 5 in Evocations
  4057 | D:5      | Entered Level 5 of the Dungeon
  4057 | D:5      | Noticed Eustachio
  4177 | D:5      | Killed Eustachio
  4177 | D:5      | Reached skill level 8 in Axes
  4254 | D:5      | Reached * piety under Makhleb
  4285 | D:5      | Noticed Sigmund
  4338 | D:4      | Reached XP level 8. HP: 39/69 MP: 9/9
  4356 | D:5      | Killed Sigmund
  4356 | D:5      | Reached skill level 9 in Axes
  4562 | D:5      | Noticed Menkaure
  4585 | D:5      | Killed Menkaure
  4750 | D:5      | Noticed Prince Ribbit
  4763 | D:5      | Killed Prince Ribbit
  4763 | D:5      | Reached skill level 10 in Axes
  4855 | D:6      | Reached skill level 5 in Fighting
  4924 | D:6      | Gained mutation: You passively map the area around you.
                  | [Deep Dwarf growth]
  4924 | D:6      | Reached XP level 9. HP: 69/81 MP: 9/9
  5163 | D:6      | Reached skill level 11 in Axes
  5336 | D:6      | Reached ** piety under Makhleb
  5632 | D:7      | Got an ancient robe
  5700 | D:7      | Noticed Pikel
  5746 | D:7      | Killed Pikel
  5746 | D:7      | Reached skill level 12 in Axes
  6039 | D:6      | Reached skill level 13 in Axes
  7164 | D:8      | Found Fuceithu's Book Shoppe.
  7234 | D:8      | Reached XP level 10. HP: 88/88 MP: 10/10
  7461 | D:8      | Reached *** piety under Makhleb
  7608 | D:8      | Reached skill level 14 in Axes
  7784 | D:8      | Noticed Harold
  7821 | D:8      | Killed Harold
  8349 | D:9      | Reached skill level 15 in Axes
  8538 | D:9      | Found a staircase to the Lair.
  8548 | D:9      | Reached **** piety under Makhleb
  8784 | D:9      | Found a staircase to the Orcish Mines.
  8895 | D:9      | Found a shimmering altar of Xom.
  9055 | D:10     | Entered Level 10 of the Dungeon
  9205 | D:10     | Reached XP level 11. HP: 96/96 MP: 11/11
  9237 | D:10     | Reached skill level 16 in Axes
  9455 | D:10     | Reached skill level 1 in Invocations
  9691 | D:10     | Killed an unseen horror
 10312 | D:11     | Noticed a two-headed ogre
 10321 | D:11     | Killed a two-headed ogre
 10375 | D:11     | Noticed a brown ugly thing
 10377 | D:11     | Noticed a two-headed ogre
 10384 | D:11     | Killed a brown ugly thing
 10388 | D:11     | Killed a two-headed ogre
 10388 | D:11     | Reached skill level 5 in Armour
 10388 | D:11     | Reached skill level 5 in Shields
 10567 | D:11     | Reached ***** piety under Makhleb
 10996 | D:12     | Noticed Frances
 11003 | D:12     | Reached skill level 5 in Invocations
 11010 | D:12     | Killed Frances
 11593 | D:12     | Noticed a deep elf mage
 11605 | D:12     | Killed a deep elf mage
 11655 | D:12     | Noticed a wolf spider
 11660 | D:12     | Killed a wolf spider
 11708 | D:12     | Reached XP level 12. HP: 107/109 MP: 12/12
 12412 | D:13     | Noticed a centaur warrior
 12419 | D:13     | Killed a centaur warrior
 12594 | D:13     | Noticed a death knight
 12601 | D:13     | Killed a death knight
 12817 | D:13     | Noticed an eight-headed hydra
 12823 | D:13     | Killed an eight-headed hydra
 13069 | D:13     | Noticed a vault guard
 13069 | D:13     | Noticed a vault guard
 13069 | D:13     | Noticed a vault guard
 13069 | D:13     | Noticed a vault guard
 13070 | D:13     | Found a gate to the Vaults.
 13070 | D:13     | Noticed a vault guard
 13070 | D:13     | Noticed a vault guard
 13070 | D:13     | Noticed a vault guard
 13118 | D:13     | Killed a vault guard
 13137 | D:13     | Killed a vault guard
 13148 | D:13     | Killed a vault guard
 13162 | D:13     | Killed a vault guard
 13181 | D:13     | Killed a vault guard
 13196 | D:13     | Killed a vault guard
 13227 | D:13     | Noticed a vault guard
 13239 | D:13     | Killed a vault guard
 13239 | D:13     | Reached XP level 13. HP: 100/121 MP: 12/12
 13296 | D:13     | Identified a scroll of acquirement
 13736 | D:13     | Found a gate to the Vaults.
 14047 | Lair:1   | Entered Level 1 of the Lair of Beasts
 14047 | Lair:1   | Found the +18 shield of the Gong {rElec rN+ MR+ EV-5}
 14277 | Lair:1   | Reached ****** piety under Makhleb
 15365 | Lair:2   | Reached skill level 10 in Armour
 15365 | Lair:2   | Reached skill level 10 in Shields
 15391 | Lair:2   | HP: 2/122 [acid (11)]
 15396 | Lair:2   | Killed from afar by an oklob plant

Levels and vault maps discovered:
D:1:      lightli_arrival_statuegarden, layout_basic
D:2:      minmay_wonky_spiral, layout_basic, minmay_misc_feat_rows,
          chequers_serial_rivers_micro_b, interstate_on_off,
          nicolae_dithmenos_shadow_blocks
D:3:      layout_basic, roderic_cross_of_infinity, uniq_grinder, uniq_terence
D:4:      layout_basic, minmay_temple_entry_enclosed_plants, first_ration
D:5:      layout_rooms, minmay_misc_feat_room, uniq_menkaure,
          uniq_prince_ribbit1, uniq_sigmund, uniq_eustachio
D:6:      layout_gridville
D:7:      layout_basic, uniq_pikel
D:8:      layout_loops_ring, serial_shops, shop, grunt_decor_fettered,
          uniq_harold
D:9:      layout_cave_pods, nicolae_overflow_hidden_temple,
          erik_lair_orcish_takeover, orc_0_dummy
D:10:     layout_basic, serial_glass, glass_columns_a, glass_columns_b,
          item_on_display_b, minmay_strange_pillars, due_unseen_surprise,
          feat_on_display, hangedman_fish_farm
D:11:     layout_cross
D:12:     old_forge, layout_stronghold, minmay_nine_imps, uniq_frances
D:13:     minmay_the_grid_square_5x5_3x3 [minmay_the_grid_square_5x5_seven,
          minmay_the_grid_square_5x5_beaten_path,
          minmay_the_grid_square_5x5_inner_z, minmay_the_grid_square_5x5_tie,
          minmay_the_grid_square_5x5_megaprize_hollow,
          minmay_the_grid_square_5x5_two_walls_b,
          minmay_the_grid_square_5x5_hourglass,
          minmay_the_grid_square_5x5_n_small, minmay_the_grid_square_5x5_eight],
          layout_long_grid, erik_vaults_2
Temple:   regret_index_temple_sigil_plot
Lair:1:   layout_chaotic_city, serial_bayou_pond_a, serial_bayou_shore_a,
          grunt_megastairs_4
Lair:2:   minmay_lair_oklob_tunnel, layout_regular_city, serial_bayou_shore_b,
          lemuel_fruit_tree, infiniplex_staircase_pool, grunt_megastairs_2

Skill      XL: |  1  2  3  4  5  6  7  8  9 10 11 12 13 |
---------------+----------------------------------------+-----
Axes           | 3 4 6 7 8 10 13 15 16 | 16.2
Fighting       | 3 5 7 9 |  9.7
Evocations     | 2 3 4 6 |  6.0
Invocations    | 5 6 |  6.0
Armour         | 6 9 10 | 10.0
Shields        | 6 9 10 | 10.0

Action                   |  1- 3 |  4- 6 |  7- 9 | 10-12 | 13-15 || total
-------------------------+-------+-------+-------+-------+-------++-------
Melee: War axe           |   149 |   148 |   476 |   930 |       ||  1703
       Broad axe         |       |       |       |       |   165 ||   165
Throw: Stone             |    13 |    12 |     2 |       |       ||    27
       Dart              |       |     4 |    17 |     1 |       ||    22
Invok: Lesser Servant of |       |       |       |     6 |       ||     6
       Minor Destruction |       |       |       |     3 |       ||     3
 Abil: Heal Wounds       |     1 |     3 |     8 |     3 |     2 ||    17
Evoke: Wand              |       |     6 |     2 |    11 |       ||    19
  Use: Potion            |       |     1 |       |       |     1 ||     2
       Scroll            |       |     9 |     6 |     8 |     5 ||    28
  Eat: Chunk             |     1 |     6 |     8 |    17 |     2 ||    34
       Ration            |       |       |     2 |     1 |     1 ||     4
Armor: Scale mail        |    57 |    25 |       |       |       ||    82
       Chain mail        |       |    30 |   130 |       |       ||   160
       Plate armour      |       |       |    84 |   363 |    40 ||   487
Dodge: Dodged            |    43 |    30 |    66 |   138 |    36 ||   313
Block: Shield            |    79 |    67 |   207 |   376 |    71 ||   800
